 Dungeon Crawl Stone Soup version 0.23.2-1-ga50397a (webtiles) character file.

Game seed: 15445344371028656639

44 troglodite the Sneak (level 3, 0/18 HPs)
             Began as a Spriggan Assassin on May 23, 2019.
             Slain by an adder (1 damage)
             ... on level 2 of the Dungeon.
             The game lasted 00:03:04 (1155 turns).

troglodite the Sneak (Spriggan Assassin)            Turns: 1155, Time: 00:03:04

Health: 0/18       AC:  3    Str:  7    XL:     3   Next: 41%
Magic:  4/4        EV: 17    Int: 17    God:
Gold:   68         SH:  0    Dex: 18    Spells: 2/2 levels left

rFire    . . .     SeeInvis +   a - +2 dagger
rCold    . . .     Gourm    .   (shield restricted)
rNeg     . . .     Faith    .   c - +0 robe
rPois    .         Spirit   .   (helmet restricted)
rElec    .         Reflect  .   d - +0 cloak
rCorr    .         Harm     .   (gloves unavailable)
MR       .....                  (boots unavailable)
Stlth    ++++......             (no amulet)
HPRegen  0.06/turn              (no ring)
MPRegen  0.09/turn              (no ring)

@: brilliant, lethally poisoned (0 -> -4), flying, hasted, very quick
A: very small, unfitting armour, see invisible, herbivore, speed 3, slow
metabolism 2
a: no special abilities


You were on level 2 of the Dungeon.
You were not hungry.

You visited 1 branch of the dungeon, and saw 2 of its levels.

You collected 68 gold pieces.

Inventory:

Hand Weapons
 a - a +2 dagger (weapon)
 b - a +0 blowgun
Missiles
 e - 8 poisoned needles
 f - 2 curare-tipped needles
Armour
 c - a +0 robe (worn)
 d - a +0 cloak (worn)
Scrolls
 h - 2 scrolls of immolation {unknown}
 i - a scroll of enchant weapon {unknown}
 j - 3 scrolls of identify {unknown}
 m - a scroll of teleportation {unknown}
 n - a scroll of amnesia {unknown}
Potions
 l - a potion of flight
 p - a potion of agility {unknown}
 q - a potion of curing {unknown}
Comestibles
 g - 4 rations


   Skills:
 * Level 1.8 Fighting
 * Level 2.8 Short Blades
 + Level 2.2 Throwing
 * Level 1.7 Dodging
 * Level 6.9 Stealth


You had 2 spell levels left.
You didn't know any spells.
Your spell library was empty.

Dungeon Overview and Level Annotations

Branches:
Dungeon (2/15)

Altars:


Innate Abilities, Weirdness & Mutations

You are very small and have problems with some larger weapons.
You are too small for most types of armour.
You have supernaturally acute eyesight. (SInv)
You are a herbivore.
You cover ground extremely quickly.
You need to consume almost no food.


Message History

You barely miss the adder.
The adder is almost dead.
The adder completely misses you.
You hit the adder but do no damage.
The adder is almost dead.
The adder bites you.
* * * LOW HITPOINT WARNING * * *
You are lethally poisoned!
The adder poisons you!
* * * LOW HITPOINT WARNING * * *
You feel sick.
It was a potion of flight.
You feel very buoyant.
You fly up into the air.
It was a potion of brilliance.
You feel clever all of a sudden.
* * * LOW HITPOINT WARNING * * *
You feel sick. The adder barely misses you. x2
It was a potion of haste.
You feel yourself speed up. The adder bites you.
You die...

)###......####. #..#
..#
.....###.###...##...##
.# .....#
#..........#.. ..
.....# #. #..#.....#
#. ####.# #.....#..# #
###. .# #.......# .##
###... # #..#..#.#...#
###..)#† ##..#S....#
###...#..#
#..#@..###.#.....#...
##...###...##.##.....
#.###...#..#..#..#..
#.#.....#..##..#....
#...#.#.....#..#..##
##.......##.##..###.
#.....#..#..#..#...
##........#.##...##
#..#.......†..###.


You could see an adder.

Vanquished Creatures
  2 adders (D:2)
  2 dart slugs
  5 goblins
  2 hobgoblins
  2 quokkas (D:2)
  3 bats (D:1)
  2 frilled lizards
  2 kobolds
  A leopard gecko zombie (D:2)
  2 rats
23 creatures vanquished.

Notes
Turn   | Place    | Note
-------+----------+-------------------------------------------
     0 | D:1      | troglodite the Spriggan Assassin began the quest for the
                  | Orb.
     0 | D:1      | Reached XP level 1. HP: 10/10 MP: 2/2
    58 | D:1      | Reached skill level 6 in Stealth
   266 | D:1      | Reached XP level 2. HP: 7/14 MP: 3/3
   810 | D:2      | Reached XP level 3. HP: 18/18 MP: 4/4
  1155 | D:2      | Slain by an adder

Skill      XL: |  1 |
---------------+----+-----
Stealth        | 6 |  6.9
Fighting       | |  1.8
Short Blades   | |  2.8
Throwing       | |  2.2
Dodging        | |  1.7

Action                   || total
-------------------------++-------
Melee: Dagger            ||    95
  Use: Potion            ||     3
 Stab: Sleeping          ||     5
Armor: Robe              ||    20
Dodge: Dodged            ||    72
